 Dungeon Crawl Stone Soup version 0.25.1-2-g60ff931df9 (webtiles) character file.

Game seed: 16452774005963422992

493 Impeuri the Sneak (level 7, 0/35 HPs)
             Began as a Vine Stalker Assassin on Aug 21, 2020.
             Slain by a gnoll
             ... wielding a +0 spear
              (3 damage)
             ... on level 3 of the Dungeon.
             The game lasted 00:07:10 (3315 turns).

Impeuri the Sneak (Vine Stalker Assassin)           Turns: 3315, Time: 00:07:10

Health: 0/35       AC:  6    Str: 13    XL:     7   Next: 15%
Magic:  0/17       EV: 12    Int: 11    God:
Gold:   77         SH:  0    Dex: 24    Spells: 6/6 levels left

rFire    . . .     SeeInvis .   a - +2 dagger
rCold    + . .     Gourm    .   (no shield)
rNeg     . . .     Faith    .   d - +2 robe {rC+}
rPois    .         Spirit   +   (no helmet)
rElec    .         Reflect  .   c - +0 cloak
rCorr    .         Harm     .   w - +0 pair of gloves
MR       .....                  (no boots)
Stlth    ++++......             (no amulet)
HPRegen  0.51/turn              p - +6 ring of dexterity
MPRegen  0.15/turn              s - ring of magical power

@: lethally poisoned (0 -> -11)
A: fangs 2, regeneration 1, magic shield, antimagic bite, no potion heal 3, rot
immunity
a: no special abilities


You were on level 3 of the Dungeon.
You were hungry.

You visited 1 branch of the dungeon, and saw 4 of its levels.

You collected 77 gold pieces.

Inventory:

Hand Weapons
 a - a +2 dagger (weapon)
Missiles
 e - 2 curare-tipped darts
 g - 5 poisoned darts (quivered)
Armour
 c - a +0 cloak (worn)
 d - a +2 robe of cold resistance (worn)
 w - a +0 pair of gloves (worn)
Jewellery
 p - a +6 ring of dexterity (left hand)
 r - an uncursed ring of positive energy
 s - a ring of magical power (right hand)
 v - an uncursed ring of see invisible
Wands
 b - a wand of polymorph (1)
 u - a wand of digging (7)
Scrolls
 h - 2 scrolls of magic mapping {unknown}
 i - 2 scrolls of noise {unknown}
 k - 2 scrolls of teleportation {unknown}
 l - a scroll of remove curse {unknown}
 n - a scroll of amnesia {unknown}
 o - a scroll of identify {unknown}
 q - a scroll of random uselessness {unknown}
 t - a scroll of fear {unknown}
Potions
 m - a potion of might
Comestibles
 f - 4 rations


   Skills:
 + Level 2.0 Fighting
 + Level 4.0 Short Blades
 + Level 4.0 Throwing
 + Level 1.1 Dodging
 + Level 7.2 Stealth


You had 6 spell levels left.
You didn't know any spells.
Your spell library was empty.

Dungeon Overview and Level Annotations

Branches:
Dungeon (4/15)
 Temple: D:4-7

Altars:
Okawaru
Wu Jian
The Shining One

Annotations:
D:3 1 transporter


Innate Abilities, Weirdness & Mutations

You have extremely sharp teeth.
Your natural rate of healing is unusually fast.
When hurt, damage is shared between your health and your magic reserves.
Your bite disrupts and absorbs the magic of your enemies.
Potions cannot restore your health.
You are immune to rotting.


Message History

Press: ? - help, Shift-Dir - straight line, f - gnoll, p - gnoll
Aim: a gnoll, wielding a +2 halberd of venom (moderately wounded, very poisoned)
You throw a poisoned dart.
The poisoned dart barely misses the gnoll.
You hit the gnoll but do no damage.
The gnoll is lightly wounded.
The gnoll misses you.
You hit the gnoll but do no damage.
The gnoll is lightly wounded.
The gnoll hits you from afar with a +0 spear.
The gnoll hits you from afar with a +2 halberd of venom!!
You are lethally poisoned!
You feel very sick. The gnoll closely misses you.
You hit the gnoll but do no damage.
The gnoll is heavily wounded.
You feel sick. The gnoll hits you with a +0 flail!
* * * LOW HITPOINT WARNING * * *
The gnoll hits you from afar with a +0 spear.
You die...

..≈≈≈≈≈≈≈≈≈≈≈≈≈≈≈≈≈≈≈≈≈≈≈≈≈..#
..≈≈≈≈≈≈≈≈≈≈≈≈≈≈≈≈≈≈≈≈≈≈≈≈≈..#
..≈≈#####...........#####≈≈..#
..≈≈#.#.#.###.©.###.#.#.#≈≈..#
..≈≈#...###.#####©###...#≈≈.##
..≈≈###...............###≈≈.#
..≈≈.8#.######'######.#8.≈≈.#
..≈≈.##.#.. #8.)#.(.#.##.≈≈.#
..≈≈.#..+. #⌠©.@gg.(..#.≈≈.#
..≈≈.##.#. #8.g#.).#.##.≈≈.#
..≈≈.8#.######(######.#8.≈≈.#
#.≈≈###......(........###≈≈.#
#.≈≈#...###.#####.###...#≈≈.#
#.≈≈#.#.#.###.©.###.#.#.#≈≈.#
#.≈≈#####...........#####≈≈.#
#.≈≈≈≈≈≈≈≈≈≈≈...≈≈≈≈≈≈≈≈≈≈≈.#
#.≈≈≈≈≈≈≈≈≈≈≈...≈≈≈≈≈≈≈≈≈≈≈.#


You could see 3 gnolls.

Vanquished Creatures
  Sigmund (D:2)
  A hound (D:4)
  Natasha (thrice) (D:2)
  Terence (D:2)
  A worker ant (D:3)
  6 gnolls
  5 adders
  3 dart slugs (D:1)
  4 leopard geckos
  2 orcs (D:3)
  6 bats
  7 giant cockroaches
  11 goblins
  10 hobgoblins
  4 jackals (D:2)
  4 kobolds
  3 quokkas
  4 ball pythons
  3 frilled lizards
  8 rats
87 creatures vanquished.

Vanquished Creatures (others)
  6 plants (D:3)
6 creatures vanquished.

Grand Total: 93 creatures vanquished

Notes
Turn   | Place    | Note
-------+----------+-------------------------------------------
     0 | D:1      | Impeuri the Vine Stalker Assassin began the quest for the
                  | Orb.
     0 | D:1      | Reached XP level 1. HP: 11/11 MP: 2/2
   114 | D:1      | Reached skill level 5 in Stealth
   118 | D:1      | Reached XP level 2. HP: 14/15 MP: 3/3
   657 | D:1      | Reached XP level 3. HP: 13/18 MP: 4/4
  1508 | D:2      | Noticed Sigmund
  1518 | D:2      | Noticed Terence
  1520 | D:2      | Noticed Natasha
  1546 | D:2      | Killed Terence
  1546 | D:2      | Gained mutation: Your natural rate of healing is unusually
                  | fast. [Vine Stalker growth]
  1546 | D:2      | Reached XP level 4. HP: 15/23 MP: 3/5
  1548 | D:2      | Killed Natasha
  1575 | D:2      | Noticed Natasha
  1601 | D:2      | Killed Natasha
  1601 | D:2      | Reached skill level 6 in Stealth
  1601 | D:2      | Reached XP level 5. HP: 26/26 MP: 3/6
  1610 | D:2      | Killed Sigmund
  1610 | D:2      | Reached XP level 6. HP: 6/30 MP: 2/7
  1644 | D:2      | Noticed Natasha
  1664 | D:2      | Killed Natasha
  1859 | D:2      | Found an iron altar of Okawaru.
  1923 | D:2      | Found an ornate altar of the Wu Jian Council.
  2181 | D:3      | Found a transporter.
  2182 | D:3      | Identified the +6 spear of Forced Transition {venom,
                  | *Corrode rF+ rN+ Stlth+}
  2433 | D:3      | Found a transporter.
  2871 | D:3      | Reached skill level 7 in Stealth
  3096 | D:3      | Reached XP level 7. HP: 30/34 MP: 8/8
  3133 | D:3      | Found a glowing golden altar of the Shining One.
  3239 | D:4      | Reached skill level 1 in Dodging
  3315 | D:3      | Slain by a gnoll

Illustrated notes

Levels and vault maps discovered:
D:1:      ebering_trefoil_twist, layout_basic
D:2:      layout_loops_cross, marbit_many_paths, okawaru_trees_2, uniq_terence,
          uniq_sigmund, uniq_natasha
D:3:      layout_basic, lemuel_doored_altar, first_ration,
          gammafunk_ghost_gnarly_gnolls, nrook_uturn
D:4:      layout_loops_ring, cheibrodos_ashenzari_chains, old_standard_altar,
          chequers_serial_rivers_micro_c, roderic_roman_lattice

Skill      XL: |  1  2  3  4  5  6  7 |
---------------+----------------------+-----
Throwing       | 2 3 4 |  4.0
Stealth        | 5 6 7 |  7.2
Short Blades   | 2 3 4 |  4.0
Dodging        | 1 |  1.1
Fighting       | 2 |  2.0

Action                   |  1- 3 |  4- 6 |  7- 9 || total
-------------------------+-------+-------+-------++-------
Melee: Dagger            |   106 |   124 |    13 ||   243
       Bite              |    22 |    38 |     3 ||    63
       Unarmed           |       |     2 |       ||     2
Throw: Dart              |     7 |    12 |     3 ||    22
  Use: Potion            |       |     2 |       ||     2
 Stab: Sleeping          |    10 |     9 |     2 ||    21
       Distracted        |       |       |     1 ||     1
  Eat: Chunk             |     2 |     5 |       ||     7
Armor: Robe              |    17 |    23 |     1 ||    41
       Skin              |       |    23 |       ||    23
Dodge: Dodged            |    61 |    62 |     4 ||   127
